 Dungeon Crawl Stone Soup version 0.29.0-4-gdea44cf6ec (webtiles) character file.

Game seed: 5719511955309976167

208 qw the Ruffian (level 5, 50/50 HPs)
             Began as a Troll Cinder Acolyte on Sept 1, 2022.
             Was a High Priest of Ignis.
             Quit the game on level 2 of the Dungeon.
             The game lasted 00:10:45 (3704 turns).

qw the Ruffian (Troll Cinder Acolyte)               Turns: 3704, Time: 00:10:45

Health: 50/50      AC:  4    Str: 24    XL:     5   Next: 55%
Magic:  5/5        EV: 13    Int: 10    God:    Ignis [*****.]
Gold:   128        SH:  0    Dex:  5    Spells: 6/6 levels left

rFire   + . .      SeeInvis .     - Unarmed
rCold   . . .      Faith    .   (no shield)
rNeg    . . .      Spirit   .   a - +0 robe
rPois   .          Reflect  .   (helmet restricted)
rElec   .          Harm     .   (no cloak)
rCorr   .          Rampage  .   (gloves unavailable)
Will    +....                   (boots unavailable)
Stlth   +.........              f - amulet of regeneration
HPRegen 1.76/turn               h - +4 ring of evasion
MPRegen 0.09/turn               i - ring of willpower

@: no status effects
A: large, unfitting armour, claws 3, regeneration 1, shaggy fur 1, tough skin 1
a: Renounce Religion, Fiery Armour, Foxfire Swarm, Rising Flame


You were on level 2 of the Dungeon.
You worshipped Ignis.
Ignis was extremely pleased with you.
You visited 1 branch of the dungeon, and saw 3 of its levels.
You also visited: Sewer.

You collected 128 gold pieces.


Innate Abilities, Weirdness & Mutations

You are too large for most types of armour.
You have claws for hands.
Your natural rate of healing is unusually fast.
You are covered in fur. (AC +1)
You have tough skin. (AC +1)


   Skills:
 - Level 2.4 Fighting
 + Level 6.3 Unarmed Combat
 - Level 1.0 Spellcasting
 - Level 2.1 Fire Magic


You had 6 spell levels left.
You didn't know any spells.
Your spell library contained the following spells:

 Spells                   Type           Power      Damage    Failure   Level
 Scorch                   Fire           8%         2d5       22%         2

Inventory:

Armour
 a - a +0 robe (worn)
Jewellery
 f - an amulet of regeneration (around neck)
 h - a +4 ring of evasion (left claw)
 i - a ring of willpower (right claw)
Scrolls
 j - a scroll of identify
Potions
 b - 2 potions of heal wounds
 c - a potion of mutation {unknown}
 d - a potion of curing {unknown}
 e - a potion of experience {unknown}
 k - a potion of lignification {unknown}
 m - a potion of resistance
 n - a potion of degeneration {unknown}

Dungeon Overview and Level Annotations

Branches:
Dungeon (3/15)              Sewer (visited)

Altars:
Nemelex Xobeh


Message History

An endoplasm is nearby!
3688 ||| Stepping randomly (stuck).
There are monsters nearby!
There are monsters nearby!
3689 ||| Stepping randomly (stuck).
An endoplasm is nearby!
An endoplasm is nearby!
3690 ||| Stepping randomly (stuck).
You see here 12 gold pieces.
There are monsters nearby!
There are monsters nearby!
3691 ||| Stepping randomly (stuck).
You see here 12 gold pieces.
There are monsters nearby!
There are monsters nearby!
3693 ||| Stepping randomly (stuck).
You see here 12 gold pieces.
There are monsters nearby!
There are monsters nearby!
3695 ||| Stepping randomly (stuck).
You see here 12 gold pieces.
There are monsters nearby!
There are monsters nearby!
3697 ||| Stepping randomly (stuck).
An endoplasm is nearby!
An endoplasm is nearby!
3698 ||| Stepping randomly (stuck).
There are monsters nearby!
There are monsters nearby!
3700 ||| Stepping randomly (stuck).
There are monsters nearby!
There are monsters nearby!
3701 ||| Stepping randomly (stuck).
There are monsters nearby!
There are monsters nearby!
3702 ||| Stepping randomly (stuck).
You see here 12 gold pieces.
There are monsters nearby!
There are monsters nearby!
Are you sure you want to abandon this character and quit the game? (Confirm with "yes".)

#.#.# #..........# #.#.#
##+####....# ######.#.#
...###...)# #......#.#
........### #.####.#.#
.........## ##.. ##.#<#
.......#.## #....#....#
#########.##
.##...#...##..##.### #.##
.r#...#.@.#J...#...###..+
#.#...#...#.#..###....###
#..#.#..#.# .#####.###
.#..#.#..#.$ #....
###..#.#..#### #........
#..##.##.. #..[..... ....
.. #... #........ ... #..
##... #........ .. ...
#..# #........


You could see an endoplasm and a rat.

Vanquished Creatures
  A kobold brigand (Sewer)
  4 adders
  A river rat (Sewer)
  3 worms
  A dart slug (D:3)
  3 orcs (D:3)
  10 endoplasms
  4 giant cockroaches
  7 goblins
  4 hobgoblins
  4 jackals (D:2)
  3 quokkas
  8 ball pythons
  4 bats
  4 frilled lizards
  8 kobolds
  7 rats
76 creatures vanquished.

Notes
Turn   | Place    | Note
-------+----------+-------------------------------------------
     0 | D:1      | qw the Troll Cinder Acolyte began the quest for the Orb.
     0 | D:1      | Reached XP level 1. HP: 22/22 MP: 1/1
     0 | D:1      | 0 ||| qw: Version: 0.1-a-97-g2dd2ca4
     0 | D:1      | 0 ||| qw: Game counter: 4850
     0 | D:1      | 0 ||| qw: Always use a shield: true
     0 | D:1      | 0 ||| qw: God list: Okawaru
     0 | D:1      | 0 ||| qw: Allow faded altars: false
     0 | D:1      | 0 ||| qw: Do Orc after D:15 true
     0 | D:1      | 0 ||| qw: Do second Lair branch before Depths: true
     0 | D:1      | 0 ||| qw: Lair rune preference: random
     0 | D:1      | 0 ||| qw: Plans: Normal
     0 | D:1      | 0 ||| PLANNING D:1-11
   216 | D:1      | Reached XP level 2. HP: 29/29 MP: 2/2
   707 | D:1      | Reached skill level 4 in Unarmed Combat
  1128 | D:1      | 1128 ||| UPGRADING to amulet of regeneration.
  1133 | D:1      | 1133 ||| READING 2 scrolls labelled SOLLAU YXOI.
  1134 | D:1      | 1134 ||| DROPPING scroll of summoning.
  1170 | D:2      | 1170 ||| Stepping ~*~*~tactically~*~*~ (outnumbered).
  1174 | D:2      | Reached XP level 3. HP: 36/36 MP: 3/3
  1193 | D:2      | You fall into a shaft and drop 1 floor!
  1194 | D:3      | 1194 ||| PLANNING SEWER
  1195 | D:3      | Found a sparkling altar of Nemelex Xobeh.
  1200 | D:3      | 1200 ||| Stepping ~*~*~tactically~*~*~ (stealth).
  1363 | D:3      | 1363 ||| Stepping ~*~*~tactically~*~*~ (hiding).
  1553 | D:3      | Found a glowing drain.
  1554 | D:3      | 1554 ||| UPGRADING to +4 ring of evasion.
  1555 | D:3      | 1555 ||| UPGRADING to ring of willpower.
  1556 | D:3      | 1556 ||| READING 4 scrolls labelled ESOSASHAZA.
  1557 | D:3      | 1557 ||| READING scroll labelled HIVVOU ZITHYFODI.
  1558 | D:3      | 1558 ||| READING 3 scrolls of identify.
  1558 | D:3      | 1558 ||| IDENTIFYING fizzy white potion
  1559 | D:3      | 1559 ||| READING 2 scrolls of identify.
  1559 | D:3      | 1559 ||| IDENTIFYING yellow potion
  1560 | D:3      | 1560 ||| DROPPING potion of attraction.
  1580 | Sewer    | Entered a sewer
  1585 | Sewer    | 1585 ||| INVOKING Fiery Armour.
  1587 | Sewer    | Reached XP level 4. HP: 44/44 MP: 4/4
  1598 | Sewer    | 1598 ||| Stepping ~*~*~tactically~*~*~ (outnumbered).
  1600 | Sewer    | Reached skill level 5 in Unarmed Combat
  1613 | Sewer    | 1613 ||| Stepping ~*~*~tactically~*~*~ (stealth).
  1696 | Sewer    | Noticed a kobold brigand
  1697 | Sewer    | 1697 ||| Stepping ~*~*~tactically~*~*~ (stealth).
  1707 | Sewer    | 1707 ||| Stepping ~*~*~tactically~*~*~ (stealth).
  1720 | Sewer    | Killed a kobold brigand
  1721 | Sewer    | Reached skill level 6 in Unarmed Combat
  1721 | Sewer    | Reached XP level 5. HP: 46/50 MP: 5/5
  1779 | Sewer    | 1779 ||| Stepping ~*~*~tactically~*~*~ (stealth).
  1865 | Sewer    | 1865 ||| READING scroll labelled DURUCI VYLERGH.
  1866 | Sewer    | 1866 ||| READING scroll labelled IRHELU KUSU.
  1867 | Sewer    | 1867 ||| READING scroll labelled WOREDI GEMPUCA.
  1868 | Sewer    | 1868 ||| DRINKING 2 viscous purple potions.
  1897 | D:3      | 1897 ||| PLANNING D:1-11
  2051 | D:2      | 2051 ||| Stepping ~*~*~tactically~*~*~ (stealth).
  2056 | D:2      | 2056 ||| Stepping ~*~*~tactically~*~*~ (stealth).
  2187 | D:2      | 2187 ||| Stepping ~*~*~tactically~*~*~ (stealth).
  2199 | D:2      | 2199 ||| Stepping ~*~*~tactically~*~*~ (stealth).
  2256 | D:2      | 2256 ||| Stepping ~*~*~tactically~*~*~ (stealth).
  2279 | D:2      | 2279 ||| Stepping ~*~*~tactically~*~*~ (hiding).
  2400 | D:2      | 2400 ||| READING scroll labelled HATEUX INIRPH.
  2401 | D:2      | 2401 ||| READING scroll labelled GIREUSHREMEU.
  2415 | D:2      | 2415 ||| Stepping randomly (stuck).
  2417 | D:2      | 2417 ||| Stepping randomly (stuck).
  2418 | D:2      | 2418 ||| Stepping randomly (stuck).
  2419 | D:2      | 2419 ||| Stepping randomly (stuck).
  2420 | D:2      | 2420 ||| Stepping randomly (stuck).
  2422 | D:2      | 2422 ||| Stepping randomly (stuck).
  2423 | D:2      | 2423 ||| Stepping randomly (stuck).
  2424 | D:2      | 2424 ||| Stepping randomly (stuck).
  2425 | D:2      | 2425 ||| Stepping randomly (stuck).
  2426 | D:2      | 2426 ||| Stepping randomly (stuck).
  2428 | D:2      | 2428 ||| Stepping randomly (stuck).
  2430 | D:2      | 2430 ||| Stepping randomly (stuck).
  2431 | D:2      | 2431 ||| Stepping randomly (stuck).
  2432 | D:2      | 2432 ||| Stepping randomly (stuck).
  2433 | D:2      | 2433 ||| Stepping randomly (stuck).
  2434 | D:2      | 2434 ||| Stepping randomly (stuck).
  2435 | D:2      | 2435 ||| Stepping randomly (stuck).
  2436 | D:2      | 2436 ||| Stepping randomly (stuck).
  2438 | D:2      | 2438 ||| Stepping randomly (stuck).
  2439 | D:2      | 2439 ||| Stepping randomly (stuck).
  2441 | D:2      | 2441 ||| Stepping randomly (stuck).
  2442 | D:2      | 2442 ||| Stepping randomly (stuck).
  2444 | D:2      | 2444 ||| Stepping randomly (stuck).
  2445 | D:2      | 2445 ||| Stepping randomly (stuck).
  2446 | D:2      | 2446 ||| Stepping randomly (stuck).
  2448 | D:2      | 2448 ||| Stepping randomly (stuck).
  2450 | D:2      | 2450 ||| Stepping randomly (stuck).
  2452 | D:2      | 2452 ||| Stepping randomly (stuck).
  2454 | D:2      | 2454 ||| Stepping randomly (stuck).
  2456 | D:2      | 2456 ||| Stepping randomly (stuck).
  2457 | D:2      | 2457 ||| Stepping randomly (stuck).
  2458 | D:2      | 2458 ||| Stepping randomly (stuck).
  2460 | D:2      | 2460 ||| Stepping randomly (stuck).
  2461 | D:2      | 2461 ||| Stepping randomly (stuck).
  2463 | D:2      | 2463 ||| Stepping randomly (stuck).
  2464 | D:2      | 2464 ||| Stepping randomly (stuck).
  2465 | D:2      | 2465 ||| Stepping randomly (stuck).
  2467 | D:2      | 2467 ||| Stepping randomly (stuck).
  2468 | D:2      | 2468 ||| Stepping randomly (stuck).
  2469 | D:2      | 2469 ||| Stepping randomly (stuck).
  2470 | D:2      | 2470 ||| Stepping randomly (stuck).
  2471 | D:2      | 2471 ||| Stepping randomly (stuck).
  2473 | D:2      | 2473 ||| Stepping randomly (stuck).
  2475 | D:2      | 2475 ||| Stepping randomly (stuck).
  2476 | D:2      | 2476 ||| Stepping randomly (stuck).
  2478 | D:2      | 2478 ||| Stepping randomly (stuck).
  2479 | D:2      | 2479 ||| Stepping randomly (stuck).
  2480 | D:2      | 2480 ||| Stepping randomly (stuck).
  2481 | D:2      | 2481 ||| Stepping randomly (stuck).
  2483 | D:2      | 2483 ||| Stepping randomly (stuck).
  2484 | D:2      | 2484 ||| Stepping randomly (stuck).
  2485 | D:2      | 2485 ||| Stepping randomly (stuck).
  2486 | D:2      | 2486 ||| Stepping randomly (stuck).
  2487 | D:2      | 2487 ||| Stepping randomly (stuck).
  2488 | D:2      | 2488 ||| Stepping randomly (stuck).
  2489 | D:2      | 2489 ||| Stepping randomly (stuck).
  2490 | D:2      | 2490 ||| Stepping randomly (stuck).
  2491 | D:2      | 2491 ||| Stepping randomly (stuck).
  2492 | D:2      | 2492 ||| Stepping randomly (stuck).
  2493 | D:2      | 2493 ||| Stepping randomly (stuck).
  2494 | D:2      | 2494 ||| Stepping randomly (stuck).
  2495 | D:2      | 2495 ||| Stepping randomly (stuck).
  2496 | D:2      | 2496 ||| Stepping randomly (stuck).
  2497 | D:2      | 2497 ||| Stepping randomly (stuck).
  2499 | D:2      | 2499 ||| Stepping randomly (stuck).
  2501 | D:2      | 2501 ||| Stepping randomly (stuck).
  2503 | D:2      | 2503 ||| Stepping randomly (stuck).
  2504 | D:2      | 2504 ||| Stepping randomly (stuck).
  2505 | D:2      | 2505 ||| Stepping randomly (stuck).
  2506 | D:2      | 2506 ||| Stepping randomly (stuck).
  2507 | D:2      | 2507 ||| Stepping randomly (stuck).
  2508 | D:2      | 2508 ||| Stepping randomly (stuck).
  2509 | D:2      | 2509 ||| Stepping randomly (stuck).
  2511 | D:2      | 2511 ||| Stepping randomly (stuck).
  2512 | D:2      | 2512 ||| Stepping randomly (stuck).
  2513 | D:2      | 2513 ||| Stepping randomly (stuck).
  2514 | D:2      | 2514 ||| Stepping randomly (stuck).
  2515 | D:2      | 2515 ||| Stepping randomly (stuck).
  2516 | D:2      | 2516 ||| Stepping randomly (stuck).
  2517 | D:2      | 2517 ||| Stepping randomly (stuck).
  2518 | D:2      | 2518 ||| Stepping randomly (stuck).
  2520 | D:2      | 2520 ||| Stepping randomly (stuck).
  2521 | D:2      | 2521 ||| Stepping randomly (stuck).
  2522 | D:2      | 2522 ||| Stepping randomly (stuck).
  2524 | D:2      | 2524 ||| Stepping randomly (stuck).
  2525 | D:2      | 2525 ||| Stepping randomly (stuck).
  2526 | D:2      | 2526 ||| Stepping randomly (stuck).
  2528 | D:2      | 2528 ||| Stepping randomly (stuck).
  2529 | D:2      | 2529 ||| Stepping randomly (stuck).
  2530 | D:2      | 2530 ||| Stepping randomly (stuck).
  2531 | D:2      | 2531 ||| Stepping randomly (stuck).
  2532 | D:2      | 2532 ||| Stepping randomly (stuck).
  2533 | D:2      | 2533 ||| Stepping randomly (stuck).
  2534 | D:2      | 2534 ||| Stepping randomly (stuck).
  2535 | D:2      | 2535 ||| Stepping randomly (stuck).
  2536 | D:2      | 2536 ||| Stepping randomly (stuck).
  2537 | D:2      | 2537 ||| Stepping randomly (stuck).
  2538 | D:2      | 2538 ||| Stepping randomly (stuck).
  2540 | D:2      | 2540 ||| Stepping randomly (stuck).
  2542 | D:2      | 2542 ||| Stepping randomly (stuck).
  2543 | D:2      | 2543 ||| Stepping randomly (stuck).
  2544 | D:2      | 2544 ||| Stepping randomly (stuck).
  2545 | D:2      | 2545 ||| Stepping randomly (stuck).
  2546 | D:2      | 2546 ||| Stepping randomly (stuck).
  2547 | D:2      | 2547 ||| Stepping randomly (stuck).
  2549 | D:2      | 2549 ||| Stepping randomly (stuck).
  2550 | D:2      | 2550 ||| Stepping randomly (stuck).
  2551 | D:2      | 2551 ||| Stepping randomly (stuck).
  2552 | D:2      | 2552 ||| Stepping randomly (stuck).
  2553 | D:2      | 2553 ||| Stepping randomly (stuck).
  2555 | D:2      | 2555 ||| Stepping randomly (stuck).
  2557 | D:2      | 2557 ||| Stepping randomly (stuck).
  2558 | D:2      | 2558 ||| Stepping randomly (stuck).
  2560 | D:2      | 2560 ||| Stepping randomly (stuck).
  2561 | D:2      | 2561 ||| Stepping randomly (stuck).
  2562 | D:2      | 2562 ||| Stepping randomly (stuck).
  2563 | D:2      | 2563 ||| Stepping randomly (stuck).
  2564 | D:2      | 2564 ||| Stepping randomly (stuck).
  2565 | D:2      | 2565 ||| Stepping randomly (stuck).
  2566 | D:2      | 2566 ||| Stepping randomly (stuck).
  2567 | D:2      | 2567 ||| Stepping randomly (stuck).
  2568 | D:2      | 2568 ||| Stepping randomly (stuck).
  2569 | D:2      | 2569 ||| Stepping randomly (stuck).
  2570 | D:2      | 2570 ||| Stepping randomly (stuck).
  2571 | D:2      | 2571 ||| Stepping randomly (stuck).
  2572 | D:2      | 2572 ||| Stepping randomly (stuck).
  2573 | D:2      | 2573 ||| Stepping randomly (stuck).
  2574 | D:2      | 2574 ||| Stepping randomly (stuck).
  2575 | D:2      | 2575 ||| Stepping randomly (stuck).
  2577 | D:2      | 2577 ||| Stepping randomly (stuck).
  2579 | D:2      | 2579 ||| Stepping randomly (stuck).
  2580 | D:2      | 2580 ||| Stepping randomly (stuck).
  2581 | D:2      | 2581 ||| Stepping randomly (stuck).
  2582 | D:2      | 2582 ||| Stepping randomly (stuck).
  2584 | D:2      | 2584 ||| Stepping randomly (stuck).
  2585 | D:2      | 2585 ||| Stepping randomly (stuck).
  2587 | D:2      | 2587 ||| Stepping randomly (stuck).
  2588 | D:2      | 2588 ||| Stepping randomly (stuck).
  2589 | D:2      | 2589 ||| Stepping randomly (stuck).
  2591 | D:2      | 2591 ||| Stepping randomly (stuck).
  2592 | D:2      | 2592 ||| Stepping randomly (stuck).
  2593 | D:2      | 2593 ||| Stepping randomly (stuck).
  2594 | D:2      | 2594 ||| Stepping randomly (stuck).
  2595 | D:2      | 2595 ||| Stepping randomly (stuck).
  2596 | D:2      | 2596 ||| Stepping randomly (stuck).
  2597 | D:2      | 2597 ||| Stepping randomly (stuck).
  2598 | D:2      | 2598 ||| Stepping randomly (stuck).
  2599 | D:2      | 2599 ||| Stepping randomly (stuck).
  2600 | D:2      | 2600 ||| Stepping randomly (stuck).
  2601 | D:2      | 2601 ||| Stepping randomly (stuck).
  2602 | D:2      | 2602 ||| Stepping randomly (stuck).
  2603 | D:2      | 2603 ||| Stepping randomly (stuck).
  2605 | D:2      | 2605 ||| Stepping randomly (stuck).
  2606 | D:2      | 2606 ||| Stepping randomly (stuck).
  2607 | D:2      | 2607 ||| Stepping randomly (stuck).
  2608 | D:2      | 2608 ||| Stepping randomly (stuck).
  2609 | D:2      | 2609 ||| Stepping randomly (stuck).
  2610 | D:2      | 2610 ||| Stepping randomly (stuck).
  2611 | D:2      | 2611 ||| Stepping randomly (stuck).
  2613 | D:2      | 2613 ||| Stepping randomly (stuck).
  2614 | D:2      | 2614 ||| Stepping randomly (stuck).
  2615 | D:2      | 2615 ||| Stepping randomly (stuck).
  2617 | D:2      | 2617 ||| Stepping randomly (stuck).
  2618 | D:2      | 2618 ||| Stepping randomly (stuck).
  2620 | D:2      | 2620 ||| Stepping randomly (stuck).
  2621 | D:2      | 2621 ||| Stepping randomly (stuck).
  2623 | D:2      | 2623 ||| Stepping randomly (stuck).
  2624 | D:2      | 2624 ||| Stepping randomly (stuck).
  2626 | D:2      | 2626 ||| Stepping randomly (stuck).
  2627 | D:2      | 2627 ||| Stepping randomly (stuck).
  2628 | D:2      | 2628 ||| Stepping randomly (stuck).
  2629 | D:2      | 2629 ||| Stepping randomly (stuck).
  2630 | D:2      | 2630 ||| Stepping randomly (stuck).
  2632 | D:2      | 2632 ||| Stepping randomly (stuck).
  2633 | D:2      | 2633 ||| Stepping randomly (stuck).
  2635 | D:2      | 2635 ||| Stepping randomly (stuck).
  2636 | D:2      | 2636 ||| Stepping randomly (stuck).
  2637 | D:2      | 2637 ||| Stepping randomly (stuck).
  2638 | D:2      | 2638 ||| Stepping randomly (stuck).
  2639 | D:2      | 2639 ||| Stepping randomly (stuck).
  2640 | D:2      | 2640 ||| Stepping randomly (stuck).
  2641 | D:2      | 2641 ||| Stepping randomly (stuck).
  2642 | D:2      | 2642 ||| Stepping randomly (stuck).
  2643 | D:2      | 2643 ||| Stepping randomly (stuck).
  2645 | D:2      | 2645 ||| Stepping randomly (stuck).
  2646 | D:2      | 2646 ||| Stepping randomly (stuck).
  2648 | D:2      | 2648 ||| Stepping randomly (stuck).
  2650 | D:2      | 2650 ||| Stepping randomly (stuck).
  2651 | D:2      | 2651 ||| Stepping randomly (stuck).
  2652 | D:2      | 2652 ||| Stepping randomly (stuck).
  2653 | D:2      | 2653 ||| Stepping randomly (stuck).
  2654 | D:2      | 2654 ||| Stepping randomly (stuck).
  2656 | D:2      | 2656 ||| Stepping randomly (stuck).
  2658 | D:2      | 2658 ||| Stepping randomly (stuck).
  2659 | D:2      | 2659 ||| Stepping randomly (stuck).
  2661 | D:2      | 2661 ||| Stepping randomly (stuck).
  2662 | D:2      | 2662 ||| Stepping randomly (stuck).
  2663 | D:2      | 2663 ||| Stepping randomly (stuck).
  2664 | D:2      | 2664 ||| Stepping randomly (stuck).
  2666 | D:2      | 2666 ||| Stepping randomly (stuck).
  2667 | D:2      | 2667 ||| Stepping randomly (stuck).
  2668 | D:2      | 2668 ||| Stepping randomly (stuck).
  2670 | D:2      | 2670 ||| Stepping randomly (stuck).
  2671 | D:2      | 2671 ||| Stepping randomly (stuck).
  2673 | D:2      | 2673 ||| Stepping randomly (stuck).
  2675 | D:2      | 2675 ||| Stepping randomly (stuck).
  2676 | D:2      | 2676 ||| Stepping randomly (stuck).
  2677 | D:2      | 2677 ||| Stepping randomly (stuck).
  2678 | D:2      | 2678 ||| Stepping randomly (stuck).
  2680 | D:2      | 2680 ||| Stepping randomly (stuck).
  2681 | D:2      | 2681 ||| Stepping randomly (stuck).
  2682 | D:2      | 2682 ||| Stepping randomly (stuck).
  2683 | D:2      | 2683 ||| Stepping randomly (stuck).
  2684 | D:2      | 2684 ||| Stepping randomly (stuck).
  2685 | D:2      | 2685 ||| Stepping randomly (stuck).
  2686 | D:2      | 2686 ||| Stepping randomly (stuck).
  2687 | D:2      | 2687 ||| Stepping randomly (stuck).
  2689 | D:2      | 2689 ||| Stepping randomly (stuck).
  2690 | D:2      | 2690 ||| Stepping randomly (stuck).
  2691 | D:2      | 2691 ||| Stepping randomly (stuck).
  2692 | D:2      | 2692 ||| Stepping randomly (stuck).
  2693 | D:2      | 2693 ||| Stepping randomly (stuck).
  2695 | D:2      | 2695 ||| Stepping randomly (stuck).
  2696 | D:2      | 2696 ||| Stepping randomly (stuck).
  2698 | D:2      | 2698 ||| Stepping randomly (stuck).
  2700 | D:2      | 2700 ||| Stepping randomly (stuck).
  2701 | D:2      | 2701 ||| Stepping randomly (stuck).
  2702 | D:2      | 2702 ||| Stepping randomly (stuck).
  2703 | D:2      | 2703 ||| Stepping randomly (stuck).
  2704 | D:2      | 2704 ||| Stepping randomly (stuck).
  2706 | D:2      | 2706 ||| Stepping randomly (stuck).
  2707 | D:2      | 2707 ||| Stepping randomly (stuck).
  2708 | D:2      | 2708 ||| Stepping randomly (stuck).
  2709 | D:2      | 2709 ||| Stepping randomly (stuck).
  2710 | D:2      | 2710 ||| Stepping randomly (stuck).
  2711 | D:2      | 2711 ||| Stepping randomly (stuck).
  2712 | D:2      | 2712 ||| Stepping randomly (stuck).
  2713 | D:2      | 2713 ||| Stepping randomly (stuck).
  2714 | D:2      | 2714 ||| Stepping randomly (stuck).
  2716 | D:2      | 2716 ||| Stepping randomly (stuck).
  2717 | D:2      | 2717 ||| Stepping randomly (stuck).
  2718 | D:2      | 2718 ||| Stepping randomly (stuck).
  2720 | D:2      | 2720 ||| Stepping randomly (stuck).
  2721 | D:2      | 2721 ||| Stepping randomly (stuck).
  2722 | D:2      | 2722 ||| Stepping randomly (stuck).
  2723 | D:2      | 2723 ||| Stepping randomly (stuck).
  2724 | D:2      | 2724 ||| Stepping randomly (stuck).
  2725 | D:2      | 2725 ||| Stepping randomly (stuck).
  2726 | D:2      | 2726 ||| Stepping randomly (stuck).
  2727 | D:2      | 2727 ||| Stepping randomly (stuck).
  2728 | D:2      | 2728 ||| Stepping randomly (stuck).
  2729 | D:2      | 2729 ||| Stepping randomly (stuck).
  2730 | D:2      | 2730 ||| Stepping randomly (stuck).
  2731 | D:2      | 2731 ||| Stepping randomly (stuck).
  2732 | D:2      | 2732 ||| Stepping randomly (stuck).
  2733 | D:2      | 2733 ||| Stepping randomly (stuck).
  2734 | D:2      | 2734 ||| Stepping randomly (stuck).
  2735 | D:2      | 2735 ||| Stepping randomly (stuck).
  2736 | D:2      | 2736 ||| Stepping randomly (stuck).
  2738 | D:2      | 2738 ||| Stepping randomly (stuck).
  2739 | D:2      | 2739 ||| Stepping randomly (stuck).
  2740 | D:2      | 2740 ||| Stepping randomly (stuck).
  2742 | D:2      | 2742 ||| Stepping randomly (stuck).
  2744 | D:2      | 2744 ||| Stepping randomly (stuck).
  2746 | D:2      | 2746 ||| Stepping randomly (stuck).
  2748 | D:2      | 2748 ||| Stepping randomly (stuck).
  2749 | D:2      | 2749 ||| Stepping randomly (stuck).
  2750 | D:2      | 2750 ||| Stepping randomly (stuck).
  2752 | D:2      | 2752 ||| Stepping randomly (stuck).
  2753 | D:2      | 2753 ||| Stepping randomly (stuck).
  2754 | D:2      | 2754 ||| Stepping randomly (stuck).
  2755 | D:2      | 2755 ||| Stepping randomly (stuck).
  2756 | D:2      | 2756 ||| Stepping randomly (stuck).
  2758 | D:2      | 2758 ||| Stepping randomly (stuck).
  2759 | D:2      | 2759 ||| Stepping randomly (stuck).
  2761 | D:2      | 2761 ||| Stepping randomly (stuck).
  2763 | D:2      | 2763 ||| Stepping randomly (stuck).
  2764 | D:2      | 2764 ||| Stepping randomly (stuck).
  2766 | D:2      | 2766 ||| Stepping randomly (stuck).
  2768 | D:2      | 2768 ||| Stepping randomly (stuck).
  2770 | D:2      | 2770 ||| Stepping randomly (stuck).
  2771 | D:2      | 2771 ||| Stepping randomly (stuck).
  2772 | D:2      | 2772 ||| Stepping randomly (stuck).
  2773 | D:2      | 2773 ||| Stepping randomly (stuck).
  2775 | D:2      | 2775 ||| Stepping randomly (stuck).
  2776 | D:2      | 2776 ||| Stepping randomly (stuck).
  2778 | D:2      | 2778 ||| Stepping randomly (stuck).
  2779 | D:2      | 2779 ||| Stepping randomly (stuck).
  2780 | D:2      | 2780 ||| Stepping randomly (stuck).
  2781 | D:2      | 2781 ||| Stepping randomly (stuck).
  2782 | D:2      | 2782 ||| Stepping randomly (stuck).
  2783 | D:2      | 2783 ||| Stepping randomly (stuck).
  2785 | D:2      | 2785 ||| Stepping randomly (stuck).
  2786 | D:2      | 2786 ||| Stepping randomly (stuck).
  2787 | D:2      | 2787 ||| Stepping randomly (stuck).
  2788 | D:2      | 2788 ||| Stepping randomly (stuck).
  2789 | D:2      | 2789 ||| Stepping randomly (stuck).
  2790 | D:2      | 2790 ||| Stepping randomly (stuck).
  2791 | D:2      | 2791 ||| Stepping randomly (stuck).
  2793 | D:2      | 2793 ||| Stepping randomly (stuck).
  2794 | D:2      | 2794 ||| Stepping randomly (stuck).
  2795 | D:2      | 2795 ||| Stepping randomly (stuck).
  2796 | D:2      | 2796 ||| Stepping randomly (stuck).
  2797 | D:2      | 2797 ||| Stepping randomly (stuck).
  2798 | D:2      | 2798 ||| Stepping randomly (stuck).
  2800 | D:2      | 2800 ||| Stepping randomly (stuck).
  2801 | D:2      | 2801 ||| Stepping randomly (stuck).
  2802 | D:2      | 2802 ||| Stepping randomly (stuck).
  2803 | D:2      | 2803 ||| Stepping randomly (stuck).
  2804 | D:2      | 2804 ||| Stepping randomly (stuck).
  2805 | D:2      | 2805 ||| Stepping randomly (stuck).
  2806 | D:2      | 2806 ||| Stepping randomly (stuck).
  2808 | D:2      | 2808 ||| Stepping randomly (stuck).
  2810 | D:2      | 2810 ||| Stepping randomly (stuck).
  2811 | D:2      | 2811 ||| Stepping randomly (stuck).
  2813 | D:2      | 2813 ||| Stepping randomly (stuck).
  2814 | D:2      | 2814 ||| Stepping randomly (stuck).
  2816 | D:2      | 2816 ||| Stepping randomly (stuck).
  2817 | D:2      | 2817 ||| Stepping randomly (stuck).
  2819 | D:2      | 2819 ||| Stepping randomly (stuck).
  2821 | D:2      | 2821 ||| Stepping randomly (stuck).
  2822 | D:2      | 2822 ||| Stepping randomly (stuck).
  2824 | D:2      | 2824 ||| Stepping randomly (stuck).
  2826 | D:2      | 2826 ||| Stepping randomly (stuck).
  2827 | D:2      | 2827 ||| Stepping randomly (stuck).
  2828 | D:2      | 2828 ||| Stepping randomly (stuck).
  2829 | D:2      | 2829 ||| Stepping randomly (stuck).
  2830 | D:2      | 2830 ||| Stepping randomly (stuck).
  2831 | D:2      | 2831 ||| Stepping randomly (stuck).
  2832 | D:2      | 2832 ||| Stepping randomly (stuck).
  2834 | D:2      | 2834 ||| Stepping randomly (stuck).
  2835 | D:2      | 2835 ||| Stepping randomly (stuck).
  2836 | D:2      | 2836 ||| Stepping randomly (stuck).
  2837 | D:2      | 2837 ||| Stepping randomly (stuck).
  2839 | D:2      | 2839 ||| Stepping randomly (stuck).
  2840 | D:2      | 2840 ||| Stepping randomly (stuck).
  2842 | D:2      | 2842 ||| Stepping randomly (stuck).
  2843 | D:2      | 2843 ||| Stepping randomly (stuck).
  2845 | D:2      | 2845 ||| Stepping randomly (stuck).
  2846 | D:2      | 2846 ||| Stepping randomly (stuck).
  2848 | D:2      | 2848 ||| Stepping randomly (stuck).
  2850 | D:2      | 2850 ||| Stepping randomly (stuck).
  2852 | D:2      | 2852 ||| Stepping randomly (stuck).
  2853 | D:2      | 2853 ||| Stepping randomly (stuck).
  2855 | D:2      | 2855 ||| Stepping randomly (stuck).
  2856 | D:2      | 2856 ||| Stepping randomly (stuck).
  2858 | D:2      | 2858 ||| Stepping randomly (stuck).
  2860 | D:2      | 2860 ||| Stepping randomly (stuck).
  2861 | D:2      | 2861 ||| Stepping randomly (stuck).
  2862 | D:2      | 2862 ||| Stepping randomly (stuck).
  2863 | D:2      | 2863 ||| Stepping randomly (stuck).
  2865 | D:2      | 2865 ||| Stepping randomly (stuck).
  2867 | D:2      | 2867 ||| Stepping randomly (stuck).
  2868 | D:2      | 2868 ||| Stepping randomly (stuck).
  2869 | D:2      | 2869 ||| Stepping randomly (stuck).
  2870 | D:2      | 2870 ||| Stepping randomly (stuck).
  2872 | D:2      | 2872 ||| Stepping randomly (stuck).
  2874 | D:2      | 2874 ||| Stepping randomly (stuck).
  2876 | D:2      | 2876 ||| Stepping randomly (stuck).
  2877 | D:2      | 2877 ||| Stepping randomly (stuck).
  2879 | D:2      | 2879 ||| Stepping randomly (stuck).
  2880 | D:2      | 2880 ||| Stepping randomly (stuck).
  2881 | D:2      | 2881 ||| Stepping randomly (stuck).
  2882 | D:2      | 2882 ||| Stepping randomly (stuck).
  2883 | D:2      | 2883 ||| Stepping randomly (stuck).
  2884 | D:2      | 2884 ||| Stepping randomly (stuck).
  2885 | D:2      | 2885 ||| Stepping randomly (stuck).
  2886 | D:2      | 2886 ||| Stepping randomly (stuck).
  2887 | D:2      | 2887 ||| Stepping randomly (stuck).
  2888 | D:2      | 2888 ||| Stepping randomly (stuck).
  2889 | D:2      | 2889 ||| Stepping randomly (stuck).
  2890 | D:2      | 2890 ||| Stepping randomly (stuck).
  2892 | D:2      | 2892 ||| Stepping randomly (stuck).
  2893 | D:2      | 2893 ||| Stepping randomly (stuck).
  2894 | D:2      | 2894 ||| Stepping randomly (stuck).
  2896 | D:2      | 2896 ||| Stepping randomly (stuck).
  2898 | D:2      | 2898 ||| Stepping randomly (stuck).
  2899 | D:2      | 2899 ||| Stepping randomly (stuck).
  2900 | D:2      | 2900 ||| Stepping randomly (stuck).
  2901 | D:2      | 2901 ||| Stepping randomly (stuck).
  2902 | D:2      | 2902 ||| Stepping randomly (stuck).
  2903 | D:2      | 2903 ||| Stepping randomly (stuck).
  2904 | D:2      | 2904 ||| Stepping randomly (stuck).
  2905 | D:2      | 2905 ||| Stepping randomly (stuck).
  2907 | D:2      | 2907 ||| Stepping randomly (stuck).
  2908 | D:2      | 2908 ||| Stepping randomly (stuck).
  2910 | D:2      | 2910 ||| Stepping randomly (stuck).
  2912 | D:2      | 2912 ||| Stepping randomly (stuck).
  2913 | D:2      | 2913 ||| Stepping randomly (stuck).
  2914 | D:2      | 2914 ||| Stepping randomly (stuck).
  2915 | D:2      | 2915 ||| Stepping randomly (stuck).
  2916 | D:2      | 2916 ||| Stepping randomly (stuck).
  2918 | D:2      | 2918 ||| Stepping randomly (stuck).
  2919 | D:2      | 2919 ||| Stepping randomly (stuck).
  2921 | D:2      | 2921 ||| Stepping randomly (stuck).
  2922 | D:2      | 2922 ||| Stepping randomly (stuck).
  2923 | D:2      | 2923 ||| Stepping randomly (stuck).
  2924 | D:2      | 2924 ||| Stepping randomly (stuck).
  2926 | D:2      | 2926 ||| Stepping randomly (stuck).
  2927 | D:2      | 2927 ||| Stepping randomly (stuck).
  2928 | D:2      | 2928 ||| Stepping randomly (stuck).
  2930 | D:2      | 2930 ||| Stepping randomly (stuck).
  2931 | D:2      | 2931 ||| Stepping randomly (stuck).
  2932 | D:2      | 2932 ||| Stepping randomly (stuck).
  2933 | D:2      | 2933 ||| Stepping randomly (stuck).
  2935 | D:2      | 2935 ||| Stepping randomly (stuck).
  2936 | D:2      | 2936 ||| Stepping randomly (stuck).
  2938 | D:2      | 2938 ||| Stepping randomly (stuck).
  2939 | D:2      | 2939 ||| Stepping randomly (stuck).
  2940 | D:2      | 2940 ||| Stepping randomly (stuck).
  2941 | D:2      | 2941 ||| Stepping randomly (stuck).
  2942 | D:2      | 2942 ||| Stepping randomly (stuck).
  2944 | D:2      | 2944 ||| Stepping randomly (stuck).
  2946 | D:2      | 2946 ||| Stepping randomly (stuck).
  2947 | D:2      | 2947 ||| Stepping randomly (stuck).
  2948 | D:2      | 2948 ||| Stepping randomly (stuck).
  2950 | D:2      | 2950 ||| Stepping randomly (stuck).
  2951 | D:2      | 2951 ||| Stepping randomly (stuck).
  2953 | D:2      | 2953 ||| Stepping randomly (stuck).
  2954 | D:2      | 2954 ||| Stepping randomly (stuck).
  2955 | D:2      | 2955 ||| Stepping randomly (stuck).
  2956 | D:2      | 2956 ||| Stepping randomly (stuck).
  2957 | D:2      | 2957 ||| Stepping randomly (stuck).
  2958 | D:2      | 2958 ||| Stepping randomly (stuck).
  2960 | D:2      | 2960 ||| Stepping randomly (stuck).
  2961 | D:2      | 2961 ||| Stepping randomly (stuck).
  2962 | D:2      | 2962 ||| Stepping randomly (stuck).
  2964 | D:2      | 2964 ||| Stepping randomly (stuck).
  2965 | D:2      | 2965 ||| Stepping randomly (stuck).
  2966 | D:2      | 2966 ||| Stepping randomly (stuck).
  2967 | D:2      | 2967 ||| Stepping randomly (stuck).
  2969 | D:2      | 2969 ||| Stepping randomly (stuck).
  2970 | D:2      | 2970 ||| Stepping randomly (stuck).
  2971 | D:2      | 2971 ||| Stepping randomly (stuck).
  2973 | D:2      | 2973 ||| Stepping randomly (stuck).
  2974 | D:2      | 2974 ||| Stepping randomly (stuck).
  2975 | D:2      | 2975 ||| Stepping randomly (stuck).
  2976 | D:2      | 2976 ||| Stepping randomly (stuck).
  2977 | D:2      | 2977 ||| Stepping randomly (stuck).
  2978 | D:2      | 2978 ||| Stepping randomly (stuck).
  2980 | D:2      | 2980 ||| Stepping randomly (stuck).
  2982 | D:2      | 2982 ||| Stepping randomly (stuck).
  2983 | D:2      | 2983 ||| Stepping randomly (stuck).
  2984 | D:2      | 2984 ||| Stepping randomly (stuck).
  2986 | D:2      | 2986 ||| Stepping randomly (stuck).
  2988 | D:2      | 2988 ||| Stepping randomly (stuck).
  2989 | D:2      | 2989 ||| Stepping randomly (stuck).
  2990 | D:2      | 2990 ||| Stepping randomly (stuck).
  2992 | D:2      | 2992 ||| Stepping randomly (stuck).
  2993 | D:2      | 2993 ||| Stepping randomly (stuck).
  2995 | D:2      | 2995 ||| Stepping randomly (stuck).
  2996 | D:2      | 2996 ||| Stepping randomly (stuck).
  2997 | D:2      | 2997 ||| Stepping randomly (stuck).
  2999 | D:2      | 2999 ||| Stepping randomly (stuck).
  3000 | D:2      | 3000 ||| Stepping randomly (stuck).
  3001 | D:2      | 3001 ||| Stepping randomly (stuck).
  3002 | D:2      | 3002 ||| Stepping randomly (stuck).
  3003 | D:2      | 3003 ||| Stepping randomly (stuck).
  3004 | D:2      | 3004 ||| Stepping randomly (stuck).
  3006 | D:2      | 3006 ||| Stepping randomly (stuck).
  3007 | D:2      | 3007 ||| Stepping randomly (stuck).
  3008 | D:2      | 3008 ||| Stepping randomly (stuck).
  3009 | D:2      | 3009 ||| Stepping randomly (stuck).
  3010 | D:2      | 3010 ||| Stepping randomly (stuck).
  3011 | D:2      | 3011 ||| Stepping randomly (stuck).
  3012 | D:2      | 3012 ||| Stepping randomly (stuck).
  3014 | D:2      | 3014 ||| Stepping randomly (stuck).
  3015 | D:2      | 3015 ||| Stepping randomly (stuck).
  3016 | D:2      | 3016 ||| Stepping randomly (stuck).
  3017 | D:2      | 3017 ||| Stepping randomly (stuck).
  3019 | D:2      | 3019 ||| Stepping randomly (stuck).
  3020 | D:2      | 3020 ||| Stepping randomly (stuck).
  3021 | D:2      | 3021 ||| Stepping randomly (stuck).
  3023 | D:2      | 3023 ||| Stepping randomly (stuck).
  3024 | D:2      | 3024 ||| Stepping randomly (stuck).
  3026 | D:2      | 3026 ||| Stepping randomly (stuck).
  3027 | D:2      | 3027 ||| Stepping randomly (stuck).
  3028 | D:2      | 3028 ||| Stepping randomly (stuck).
  3029 | D:2      | 3029 ||| Stepping randomly (stuck).
  3030 | D:2      | 3030 ||| Stepping randomly (stuck).
  3031 | D:2      | 3031 ||| Stepping randomly (stuck).
  3033 | D:2      | 3033 ||| Stepping randomly (stuck).
  3035 | D:2      | 3035 ||| Stepping randomly (stuck).
  3036 | D:2      | 3036 ||| Stepping randomly (stuck).
  3037 | D:2      | 3037 ||| Stepping randomly (stuck).
  3038 | D:2      | 3038 ||| Stepping randomly (stuck).
  3040 | D:2      | 3040 ||| Stepping randomly (stuck).
  3041 | D:2      | 3041 ||| Stepping randomly (stuck).
  3043 | D:2      | 3043 ||| Stepping randomly (stuck).
  3045 | D:2      | 3045 ||| Stepping randomly (stuck).
  3047 | D:2      | 3047 ||| Stepping randomly (stuck).
  3049 | D:2      | 3049 ||| Stepping randomly (stuck).
  3051 | D:2      | 3051 ||| Stepping randomly (stuck).
  3052 | D:2      | 3052 ||| Stepping randomly (stuck).
  3053 | D:2      | 3053 ||| Stepping randomly (stuck).
  3054 | D:2      | 3054 ||| Stepping randomly (stuck).
  3055 | D:2      | 3055 ||| Stepping randomly (stuck).
  3056 | D:2      | 3056 ||| Stepping randomly (stuck).
  3057 | D:2      | 3057 ||| Stepping randomly (stuck).
  3058 | D:2      | 3058 ||| Stepping randomly (stuck).
  3059 | D:2      | 3059 ||| Stepping randomly (stuck).
  3061 | D:2      | 3061 ||| Stepping randomly (stuck).
  3063 | D:2      | 3063 ||| Stepping randomly (stuck).
  3065 | D:2      | 3065 ||| Stepping randomly (stuck).
  3066 | D:2      | 3066 ||| Stepping randomly (stuck).
  3067 | D:2      | 3067 ||| Stepping randomly (stuck).
  3069 | D:2      | 3069 ||| Stepping randomly (stuck).
  3070 | D:2      | 3070 ||| Stepping randomly (stuck).
  3072 | D:2      | 3072 ||| Stepping randomly (stuck).
  3074 | D:2      | 3074 ||| Stepping randomly (stuck).
  3076 | D:2      | 3076 ||| Stepping randomly (stuck).
  3077 | D:2      | 3077 ||| Stepping randomly (stuck).
  3078 | D:2      | 3078 ||| Stepping randomly (stuck).
  3079 | D:2      | 3079 ||| Stepping randomly (stuck).
  3081 | D:2      | 3081 ||| Stepping randomly (stuck).
  3082 | D:2      | 3082 ||| Stepping randomly (stuck).
  3084 | D:2      | 3084 ||| Stepping randomly (stuck).
  3086 | D:2      | 3086 ||| Stepping randomly (stuck).
  3087 | D:2      | 3087 ||| Stepping randomly (stuck).
  3089 | D:2      | 3089 ||| Stepping randomly (stuck).
  3090 | D:2      | 3090 ||| Stepping randomly (stuck).
  3092 | D:2      | 3092 ||| Stepping randomly (stuck).
  3093 | D:2      | 3093 ||| Stepping randomly (stuck).
  3095 | D:2      | 3095 ||| Stepping randomly (stuck).
  3096 | D:2      | 3096 ||| Stepping randomly (stuck).
  3097 | D:2      | 3097 ||| Stepping randomly (stuck).
  3098 | D:2      | 3098 ||| Stepping randomly (stuck).
  3099 | D:2      | 3099 ||| Stepping randomly (stuck).
  3101 | D:2      | 3101 ||| Stepping randomly (stuck).
  3103 | D:2      | 3103 ||| Stepping randomly (stuck).
  3105 | D:2      | 3105 ||| Stepping randomly (stuck).
  3106 | D:2      | 3106 ||| Stepping randomly (stuck).
  3108 | D:2      | 3108 ||| Stepping randomly (stuck).
  3109 | D:2      | 3109 ||| Stepping randomly (stuck).
  3110 | D:2      | 3110 ||| Stepping randomly (stuck).
  3111 | D:2      | 3111 ||| Stepping randomly (stuck).
  3113 | D:2      | 3113 ||| Stepping randomly (stuck).
  3115 | D:2      | 3115 ||| Stepping randomly (stuck).
  3116 | D:2      | 3116 ||| Stepping randomly (stuck).
  3118 | D:2      | 3118 ||| Stepping randomly (stuck).
  3119 | D:2      | 3119 ||| Stepping randomly (stuck).
  3120 | D:2      | 3120 ||| Stepping randomly (stuck).
  3122 | D:2      | 3122 ||| Stepping randomly (stuck).
  3123 | D:2      | 3123 ||| Stepping randomly (stuck).
  3125 | D:2      | 3125 ||| Stepping randomly (stuck).
  3126 | D:2      | 3126 ||| Stepping randomly (stuck).
  3127 | D:2      | 3127 ||| Stepping randomly (stuck).
  3128 | D:2      | 3128 ||| Stepping randomly (stuck).
  3129 | D:2      | 3129 ||| Stepping randomly (stuck).
  3131 | D:2      | 3131 ||| Stepping randomly (stuck).
  3132 | D:2      | 3132 ||| Stepping randomly (stuck).
  3133 | D:2      | 3133 ||| Stepping randomly (stuck).
  3134 | D:2      | 3134 ||| Stepping randomly (stuck).
  3135 | D:2      | 3135 ||| Stepping randomly (stuck).
  3136 | D:2      | 3136 ||| Stepping randomly (stuck).
  3137 | D:2      | 3137 ||| Stepping randomly (stuck).
  3139 | D:2      | 3139 ||| Stepping randomly (stuck).
  3140 | D:2      | 3140 ||| Stepping randomly (stuck).
  3142 | D:2      | 3142 ||| Stepping randomly (stuck).
  3144 | D:2      | 3144 ||| Stepping randomly (stuck).
  3145 | D:2      | 3145 ||| Stepping randomly (stuck).
  3146 | D:2      | 3146 ||| Stepping randomly (stuck).
  3147 | D:2      | 3147 ||| Stepping randomly (stuck).
  3148 | D:2      | 3148 ||| Stepping randomly (stuck).
  3150 | D:2      | 3150 ||| Stepping randomly (stuck).
  3151 | D:2      | 3151 ||| Stepping randomly (stuck).
  3152 | D:2      | 3152 ||| Stepping randomly (stuck).
  3154 | D:2      | 3154 ||| Stepping randomly (stuck).
  3155 | D:2      | 3155 ||| Stepping randomly (stuck).
  3156 | D:2      | 3156 ||| Stepping randomly (stuck).
  3157 | D:2      | 3157 ||| Stepping randomly (stuck).
  3159 | D:2      | 3159 ||| Stepping randomly (stuck).
  3160 | D:2      | 3160 ||| Stepping randomly (stuck).
  3161 | D:2      | 3161 ||| Stepping randomly (stuck).
  3162 | D:2      | 3162 ||| Stepping randomly (stuck).
  3163 | D:2      | 3163 ||| Stepping randomly (stuck).
  3164 | D:2      | 3164 ||| Stepping randomly (stuck).
  3165 | D:2      | 3165 ||| Stepping randomly (stuck).
  3167 | D:2      | 3167 ||| Stepping randomly (stuck).
  3168 | D:2      | 3168 ||| Stepping randomly (stuck).
  3170 | D:2      | 3170 ||| Stepping randomly (stuck).
  3171 | D:2      | 3171 ||| Stepping randomly (stuck).
  3172 | D:2      | 3172 ||| Stepping randomly (stuck).
  3174 | D:2      | 3174 ||| Stepping randomly (stuck).
  3175 | D:2      | 3175 ||| Stepping randomly (stuck).
  3176 | D:2      | 3176 ||| Stepping randomly (stuck).
  3178 | D:2      | 3178 ||| Stepping randomly (stuck).
  3179 | D:2      | 3179 ||| Stepping randomly (stuck).
  3180 | D:2      | 3180 ||| Stepping randomly (stuck).
  3181 | D:2      | 3181 ||| Stepping randomly (stuck).
  3182 | D:2      | 3182 ||| Stepping randomly (stuck).
  3183 | D:2      | 3183 ||| Stepping randomly (stuck).
  3184 | D:2      | 3184 ||| Stepping randomly (stuck).
  3185 | D:2      | 3185 ||| Stepping randomly (stuck).
  3186 | D:2      | 3186 ||| Stepping randomly (stuck).
  3188 | D:2      | 3188 ||| Stepping randomly (stuck).
  3190 | D:2      | 3190 ||| Stepping randomly (stuck).
  3191 | D:2      | 3191 ||| Stepping randomly (stuck).
  3192 | D:2      | 3192 ||| Stepping randomly (stuck).
  3194 | D:2      | 3194 ||| Stepping randomly (stuck).
  3195 | D:2      | 3195 ||| Stepping randomly (stuck).
  3197 | D:2      | 3197 ||| Stepping randomly (stuck).
  3198 | D:2      | 3198 ||| Stepping randomly (stuck).
  3199 | D:2      | 3199 ||| Stepping randomly (stuck).
  3200 | D:2      | 3200 ||| Stepping randomly (stuck).
  3201 | D:2      | 3201 ||| Stepping randomly (stuck).
  3202 | D:2      | 3202 ||| Stepping randomly (stuck).
  3204 | D:2      | 3204 ||| Stepping randomly (stuck).
  3205 | D:2      | 3205 ||| Stepping randomly (stuck).
  3206 | D:2      | 3206 ||| Stepping randomly (stuck).
  3207 | D:2      | 3207 ||| Stepping randomly (stuck).
  3208 | D:2      | 3208 ||| Stepping randomly (stuck).
  3209 | D:2      | 3209 ||| Stepping randomly (stuck).
  3210 | D:2      | 3210 ||| Stepping randomly (stuck).
  3211 | D:2      | 3211 ||| Stepping randomly (stuck).
  3213 | D:2      | 3213 ||| Stepping randomly (stuck).
  3214 | D:2      | 3214 ||| Stepping randomly (stuck).
  3215 | D:2      | 3215 ||| Stepping randomly (stuck).
  3216 | D:2      | 3216 ||| Stepping randomly (stuck).
  3218 | D:2      | 3218 ||| Stepping randomly (stuck).
  3219 | D:2      | 3219 ||| Stepping randomly (stuck).
  3221 | D:2      | 3221 ||| Stepping randomly (stuck).
  3222 | D:2      | 3222 ||| Stepping randomly (stuck).
  3223 | D:2      | 3223 ||| Stepping randomly (stuck).
  3225 | D:2      | 3225 ||| Stepping randomly (stuck).
  3226 | D:2      | 3226 ||| Stepping randomly (stuck).
  3227 | D:2      | 3227 ||| Stepping randomly (stuck).
  3228 | D:2      | 3228 ||| Stepping randomly (stuck).
  3229 | D:2      | 3229 ||| Stepping randomly (stuck).
  3230 | D:2      | 3230 ||| Stepping randomly (stuck).
  3231 | D:2      | 3231 ||| Stepping randomly (stuck).
  3232 | D:2      | 3232 ||| Stepping randomly (stuck).
  3233 | D:2      | 3233 ||| Stepping randomly (stuck).
  3234 | D:2      | 3234 ||| Stepping randomly (stuck).
  3236 | D:2      | 3236 ||| Stepping randomly (stuck).
  3237 | D:2      | 3237 ||| Stepping randomly (stuck).
  3239 | D:2      | 3239 ||| Stepping randomly (stuck).
  3240 | D:2      | 3240 ||| Stepping randomly (stuck).
  3241 | D:2      | 3241 ||| Stepping randomly (stuck).
  3243 | D:2      | 3243 ||| Stepping randomly (stuck).
  3244 | D:2      | 3244 ||| Stepping randomly (stuck).
  3245 | D:2      | 3245 ||| Stepping randomly (stuck).
  3246 | D:2      | 3246 ||| Stepping randomly (stuck).
  3248 | D:2      | 3248 ||| Stepping randomly (stuck).
  3249 | D:2      | 3249 ||| Stepping randomly (stuck).
  3250 | D:2      | 3250 ||| Stepping randomly (stuck).
  3252 | D:2      | 3252 ||| Stepping randomly (stuck).
  3253 | D:2      | 3253 ||| Stepping randomly (stuck).
  3254 | D:2      | 3254 ||| Stepping randomly (stuck).
  3255 | D:2      | 3255 ||| Stepping randomly (stuck).
  3256 | D:2      | 3256 ||| Stepping randomly (stuck).
  3257 | D:2      | 3257 ||| Stepping randomly (stuck).
  3258 | D:2      | 3258 ||| Stepping randomly (stuck).
  3259 | D:2      | 3259 ||| Stepping randomly (stuck).
  3261 | D:2      | 3261 ||| Stepping randomly (stuck).
  3262 | D:2      | 3262 ||| Stepping randomly (stuck).
  3263 | D:2      | 3263 ||| Stepping randomly (stuck).
  3264 | D:2      | 3264 ||| Stepping randomly (stuck).
  3265 | D:2      | 3265 ||| Stepping randomly (stuck).
  3266 | D:2      | 3266 ||| Stepping randomly (stuck).
  3268 | D:2      | 3268 ||| Stepping randomly (stuck).
  3269 | D:2      | 3269 ||| Stepping randomly (stuck).
  3271 | D:2      | 3271 ||| Stepping randomly (stuck).
  3272 | D:2      | 3272 ||| Stepping randomly (stuck).
  3273 | D:2      | 3273 ||| Stepping randomly (stuck).
  3274 | D:2      | 3274 ||| Stepping randomly (stuck).
  3275 | D:2      | 3275 ||| Stepping randomly (stuck).
  3276 | D:2      | 3276 ||| Stepping randomly (stuck).
  3278 | D:2      | 3278 ||| Stepping randomly (stuck).
  3279 | D:2      | 3279 ||| Stepping randomly (stuck).
  3280 | D:2      | 3280 ||| Stepping randomly (stuck).
  3281 | D:2      | 3281 ||| Stepping randomly (stuck).
  3282 | D:2      | 3282 ||| Stepping randomly (stuck).
  3283 | D:2      | 3283 ||| Stepping randomly (stuck).
  3284 | D:2      | 3284 ||| Stepping randomly (stuck).
  3285 | D:2      | 3285 ||| Stepping randomly (stuck).
  3286 | D:2      | 3286 ||| Stepping randomly (stuck).
  3287 | D:2      | 3287 ||| Stepping randomly (stuck).
  3288 | D:2      | 3288 ||| Stepping randomly (stuck).
  3289 | D:2      | 3289 ||| Stepping randomly (stuck).
  3291 | D:2      | 3291 ||| Stepping randomly (stuck).
  3292 | D:2      | 3292 ||| Stepping randomly (stuck).
  3293 | D:2      | 3293 ||| Stepping randomly (stuck).
  3294 | D:2      | 3294 ||| Stepping randomly (stuck).
  3295 | D:2      | 3295 ||| Stepping randomly (stuck).
  3296 | D:2      | 3296 ||| Stepping randomly (stuck).
  3297 | D:2      | 3297 ||| Stepping randomly (stuck).
  3298 | D:2      | 3298 ||| Stepping randomly (stuck).
  3300 | D:2      | 3300 ||| Stepping randomly (stuck).
  3301 | D:2      | 3301 ||| Stepping randomly (stuck).
  3302 | D:2      | 3302 ||| Stepping randomly (stuck).
  3303 | D:2      | 3303 ||| Stepping randomly (stuck).
  3304 | D:2      | 3304 ||| Stepping randomly (stuck).
  3305 | D:2      | 3305 ||| Stepping randomly (stuck).
  3306 | D:2      | 3306 ||| Stepping randomly (stuck).
  3307 | D:2      | 3307 ||| Stepping randomly (stuck).
  3309 | D:2      | 3309 ||| Stepping randomly (stuck).
  3310 | D:2      | 3310 ||| Stepping randomly (stuck).
  3311 | D:2      | 3311 ||| Stepping randomly (stuck).
  3312 | D:2      | 3312 ||| Stepping randomly (stuck).
  3313 | D:2      | 3313 ||| Stepping randomly (stuck).
  3314 | D:2      | 3314 ||| Stepping randomly (stuck).
  3315 | D:2      | 3315 ||| Stepping randomly (stuck).
  3317 | D:2      | 3317 ||| Stepping randomly (stuck).
  3318 | D:2      | 3318 ||| Stepping randomly (stuck).
  3320 | D:2      | 3320 ||| Stepping randomly (stuck).
  3322 | D:2      | 3322 ||| Stepping randomly (stuck).
  3323 | D:2      | 3323 ||| Stepping randomly (stuck).
  3324 | D:2      | 3324 ||| Stepping randomly (stuck).
  3326 | D:2      | 3326 ||| Stepping randomly (stuck).
  3328 | D:2      | 3328 ||| Stepping randomly (stuck).
  3329 | D:2      | 3329 ||| Stepping randomly (stuck).
  3331 | D:2      | 3331 ||| Stepping randomly (stuck).
  3332 | D:2      | 3332 ||| Stepping randomly (stuck).
  3334 | D:2      | 3334 ||| Stepping randomly (stuck).
  3335 | D:2      | 3335 ||| Stepping randomly (stuck).
  3336 | D:2      | 3336 ||| Stepping randomly (stuck).
  3338 | D:2      | 3338 ||| Stepping randomly (stuck).
  3339 | D:2      | 3339 ||| Stepping randomly (stuck).
  3341 | D:2      | 3341 ||| Stepping randomly (stuck).
  3342 | D:2      | 3342 ||| Stepping randomly (stuck).
  3344 | D:2      | 3344 ||| Stepping randomly (stuck).
  3345 | D:2      | 3345 ||| Stepping randomly (stuck).
  3346 | D:2      | 3346 ||| Stepping randomly (stuck).
  3347 | D:2      | 3347 ||| Stepping randomly (stuck).
  3348 | D:2      | 3348 ||| Stepping randomly (stuck).
  3349 | D:2      | 3349 ||| Stepping randomly (stuck).
  3350 | D:2      | 3350 ||| Stepping randomly (stuck).
  3351 | D:2      | 3351 ||| Stepping randomly (stuck).
  3352 | D:2      | 3352 ||| Stepping randomly (stuck).
  3354 | D:2      | 3354 ||| Stepping randomly (stuck).
  3356 | D:2      | 3356 ||| Stepping randomly (stuck).
  3357 | D:2      | 3357 ||| Stepping randomly (stuck).
  3359 | D:2      | 3359 ||| Stepping randomly (stuck).
  3361 | D:2      | 3361 ||| Stepping randomly (stuck).
  3362 | D:2      | 3362 ||| Stepping randomly (stuck).
  3363 | D:2      | 3363 ||| Stepping randomly (stuck).
  3364 | D:2      | 3364 ||| Stepping randomly (stuck).
  3365 | D:2      | 3365 ||| Stepping randomly (stuck).
  3366 | D:2      | 3366 ||| Stepping randomly (stuck).
  3367 | D:2      | 3367 ||| Stepping randomly (stuck).
  3368 | D:2      | 3368 ||| Stepping randomly (stuck).
  3369 | D:2      | 3369 ||| Stepping randomly (stuck).
  3370 | D:2      | 3370 ||| Stepping randomly (stuck).
  3372 | D:2      | 3372 ||| Stepping randomly (stuck).
  3373 | D:2      | 3373 ||| Stepping randomly (stuck).
  3374 | D:2      | 3374 ||| Stepping randomly (stuck).
  3375 | D:2      | 3375 ||| Stepping randomly (stuck).
  3376 | D:2      | 3376 ||| Stepping randomly (stuck).
  3377 | D:2      | 3377 ||| Stepping randomly (stuck).
  3378 | D:2      | 3378 ||| Stepping randomly (stuck).
  3379 | D:2      | 3379 ||| Stepping randomly (stuck).
  3380 | D:2      | 3380 ||| Stepping randomly (stuck).
  3381 | D:2      | 3381 ||| Stepping randomly (stuck).
  3382 | D:2      | 3382 ||| Stepping randomly (stuck).
  3383 | D:2      | 3383 ||| Stepping randomly (stuck).
  3384 | D:2      | 3384 ||| Stepping randomly (stuck).
  3385 | D:2      | 3385 ||| Stepping randomly (stuck).
  3386 | D:2      | 3386 ||| Stepping randomly (stuck).
  3387 | D:2      | 3387 ||| Stepping randomly (stuck).
  3388 | D:2      | 3388 ||| Stepping randomly (stuck).
  3390 | D:2      | 3390 ||| Stepping randomly (stuck).
  3391 | D:2      | 3391 ||| Stepping randomly (stuck).
  3392 | D:2      | 3392 ||| Stepping randomly (stuck).
  3393 | D:2      | 3393 ||| Stepping randomly (stuck).
  3395 | D:2      | 3395 ||| Stepping randomly (stuck).
  3397 | D:2      | 3397 ||| Stepping randomly (stuck).
  3398 | D:2      | 3398 ||| Stepping randomly (stuck).
  3400 | D:2      | 3400 ||| Stepping randomly (stuck).
  3401 | D:2      | 3401 ||| Stepping randomly (stuck).
  3403 | D:2      | 3403 ||| Stepping randomly (stuck).
  3404 | D:2      | 3404 ||| Stepping randomly (stuck).
  3405 | D:2      | 3405 ||| Stepping randomly (stuck).
  3407 | D:2      | 3407 ||| Stepping randomly (stuck).
  3409 | D:2      | 3409 ||| Stepping randomly (stuck).
  3410 | D:2      | 3410 ||| Stepping randomly (stuck).
  3411 | D:2      | 3411 ||| Stepping randomly (stuck).
  3412 | D:2      | 3412 ||| Stepping randomly (stuck).
  3413 | D:2      | 3413 ||| Stepping randomly (stuck).
  3415 | D:2      | 3415 ||| Stepping randomly (stuck).
  3416 | D:2      | 3416 ||| Stepping randomly (stuck).
  3417 | D:2      | 3417 ||| Stepping randomly (stuck).
  3418 | D:2      | 3418 ||| Stepping randomly (stuck).
  3419 | D:2      | 3419 ||| Stepping randomly (stuck).
  3420 | D:2      | 3420 ||| Stepping randomly (stuck).
  3421 | D:2      | 3421 ||| Stepping randomly (stuck).
  3422 | D:2      | 3422 ||| Stepping randomly (stuck).
  3423 | D:2      | 3423 ||| Stepping randomly (stuck).
  3424 | D:2      | 3424 ||| Stepping randomly (stuck).
  3425 | D:2      | 3425 ||| Stepping randomly (stuck).
  3426 | D:2      | 3426 ||| Stepping randomly (stuck).
  3427 | D:2      | 3427 ||| Stepping randomly (stuck).
  3428 | D:2      | 3428 ||| Stepping randomly (stuck).
  3429 | D:2      | 3429 ||| Stepping randomly (stuck).
  3430 | D:2      | 3430 ||| Stepping randomly (stuck).
  3431 | D:2      | 3431 ||| Stepping randomly (stuck).
  3432 | D:2      | 3432 ||| Stepping randomly (stuck).
  3434 | D:2      | 3434 ||| Stepping randomly (stuck).
  3435 | D:2      | 3435 ||| Stepping randomly (stuck).
  3437 | D:2      | 3437 ||| Stepping randomly (stuck).
  3438 | D:2      | 3438 ||| Stepping randomly (stuck).
  3439 | D:2      | 3439 ||| Stepping randomly (stuck).
  3440 | D:2      | 3440 ||| Stepping randomly (stuck).
  3441 | D:2      | 3441 ||| Stepping randomly (stuck).
  3442 | D:2      | 3442 ||| Stepping randomly (stuck).
  3443 | D:2      | 3443 ||| Stepping randomly (stuck).
  3444 | D:2      | 3444 ||| Stepping randomly (stuck).
  3446 | D:2      | 3446 ||| Stepping randomly (stuck).
  3448 | D:2      | 3448 ||| Stepping randomly (stuck).
  3449 | D:2      | 3449 ||| Stepping randomly (stuck).
  3450 | D:2      | 3450 ||| Stepping randomly (stuck).
  3452 | D:2      | 3452 ||| Stepping randomly (stuck).
  3454 | D:2      | 3454 ||| Stepping randomly (stuck).
  3455 | D:2      | 3455 ||| Stepping randomly (stuck).
  3456 | D:2      | 3456 ||| Stepping randomly (stuck).
  3458 | D:2      | 3458 ||| Stepping randomly (stuck).
  3459 | D:2      | 3459 ||| Stepping randomly (stuck).
  3460 | D:2      | 3460 ||| Stepping randomly (stuck).
  3462 | D:2      | 3462 ||| Stepping randomly (stuck).
  3463 | D:2      | 3463 ||| Stepping randomly (stuck).
  3464 | D:2      | 3464 ||| Stepping randomly (stuck).
  3466 | D:2      | 3466 ||| Stepping randomly (stuck).
  3467 | D:2      | 3467 ||| Stepping randomly (stuck).
  3469 | D:2      | 3469 ||| Stepping randomly (stuck).
  3470 | D:2      | 3470 ||| Stepping randomly (stuck).
  3472 | D:2      | 3472 ||| Stepping randomly (stuck).
  3473 | D:2      | 3473 ||| Stepping randomly (stuck).
  3474 | D:2      | 3474 ||| Stepping randomly (stuck).
  3475 | D:2      | 3475 ||| Stepping randomly (stuck).
  3476 | D:2      | 3476 ||| Stepping randomly (stuck).
  3477 | D:2      | 3477 ||| Stepping randomly (stuck).
  3478 | D:2      | 3478 ||| Stepping randomly (stuck).
  3480 | D:2      | 3480 ||| Stepping randomly (stuck).
  3481 | D:2      | 3481 ||| Stepping randomly (stuck).
  3482 | D:2      | 3482 ||| Stepping randomly (stuck).
  3483 | D:2      | 3483 ||| Stepping randomly (stuck).
  3484 | D:2      | 3484 ||| Stepping randomly (stuck).
  3486 | D:2      | 3486 ||| Stepping randomly (stuck).
  3487 | D:2      | 3487 ||| Stepping randomly (stuck).
  3488 | D:2      | 3488 ||| Stepping randomly (stuck).
  3490 | D:2      | 3490 ||| Stepping randomly (stuck).
  3492 | D:2      | 3492 ||| Stepping randomly (stuck).
  3493 | D:2      | 3493 ||| Stepping randomly (stuck).
  3494 | D:2      | 3494 ||| Stepping randomly (stuck).
  3496 | D:2      | 3496 ||| Stepping randomly (stuck).
  3497 | D:2      | 3497 ||| Stepping randomly (stuck).
  3498 | D:2      | 3498 ||| Stepping randomly (stuck).
  3500 | D:2      | 3500 ||| Stepping randomly (stuck).
  3501 | D:2      | 3501 ||| Stepping randomly (stuck).
  3502 | D:2      | 3502 ||| Stepping randomly (stuck).
  3503 | D:2      | 3503 ||| Stepping randomly (stuck).
  3504 | D:2      | 3504 ||| Stepping randomly (stuck).
  3505 | D:2      | 3505 ||| Stepping randomly (stuck).
  3506 | D:2      | 3506 ||| Stepping randomly (stuck).
  3507 | D:2      | 3507 ||| Stepping randomly (stuck).
  3508 | D:2      | 3508 ||| Stepping randomly (stuck).
  3510 | D:2      | 3510 ||| Stepping randomly (stuck).
  3511 | D:2      | 3511 ||| Stepping randomly (stuck).
  3512 | D:2      | 3512 ||| Stepping randomly (stuck).
  3514 | D:2      | 3514 ||| Stepping randomly (stuck).
  3515 | D:2      | 3515 ||| Stepping randomly (stuck).
  3516 | D:2      | 3516 ||| Stepping randomly (stuck).
  3517 | D:2      | 3517 ||| Stepping randomly (stuck).
  3519 | D:2      | 3519 ||| Stepping randomly (stuck).
  3521 | D:2      | 3521 ||| Stepping randomly (stuck).
  3523 | D:2      | 3523 ||| Stepping randomly (stuck).
  3525 | D:2      | 3525 ||| Stepping randomly (stuck).
  3527 | D:2      | 3527 ||| Stepping randomly (stuck).
  3528 | D:2      | 3528 ||| Stepping randomly (stuck).
  3530 | D:2      | 3530 ||| Stepping randomly (stuck).
  3532 | D:2      | 3532 ||| Stepping randomly (stuck).
  3533 | D:2      | 3533 ||| Stepping randomly (stuck).
  3534 | D:2      | 3534 ||| Stepping randomly (stuck).
  3535 | D:2      | 3535 ||| Stepping randomly (stuck).
  3536 | D:2      | 3536 ||| Stepping randomly (stuck).
  3537 | D:2      | 3537 ||| Stepping randomly (stuck).
  3539 | D:2      | 3539 ||| Stepping randomly (stuck).
  3540 | D:2      | 3540 ||| Stepping randomly (stuck).
  3541 | D:2      | 3541 ||| Stepping randomly (stuck).
  3543 | D:2      | 3543 ||| Stepping randomly (stuck).
  3544 | D:2      | 3544 ||| Stepping randomly (stuck).
  3545 | D:2      | 3545 ||| Stepping randomly (stuck).
  3546 | D:2      | 3546 ||| Stepping randomly (stuck).
  3547 | D:2      | 3547 ||| Stepping randomly (stuck).
  3549 | D:2      | 3549 ||| Stepping randomly (stuck).
  3550 | D:2      | 3550 ||| Stepping randomly (stuck).
  3551 | D:2      | 3551 ||| Stepping randomly (stuck).
  3552 | D:2      | 3552 ||| Stepping randomly (stuck).
  3553 | D:2      | 3553 ||| Stepping randomly (stuck).
  3555 | D:2      | 3555 ||| Stepping randomly (stuck).
  3557 | D:2      | 3557 ||| Stepping randomly (stuck).
  3559 | D:2      | 3559 ||| Stepping randomly (stuck).
  3560 | D:2      | 3560 ||| Stepping randomly (stuck).
  3561 | D:2      | 3561 ||| Stepping randomly (stuck).
  3563 | D:2      | 3563 ||| Stepping randomly (stuck).
  3564 | D:2      | 3564 ||| Stepping randomly (stuck).
  3565 | D:2      | 3565 ||| Stepping randomly (stuck).
  3566 | D:2      | 3566 ||| Stepping randomly (stuck).
  3567 | D:2      | 3567 ||| Stepping randomly (stuck).
  3569 | D:2      | 3569 ||| Stepping randomly (stuck).
  3570 | D:2      | 3570 ||| Stepping randomly (stuck).
  3571 | D:2      | 3571 ||| Stepping randomly (stuck).
  3572 | D:2      | 3572 ||| Stepping randomly (stuck).
  3574 | D:2      | 3574 ||| Stepping randomly (stuck).
  3575 | D:2      | 3575 ||| Stepping randomly (stuck).
  3577 | D:2      | 3577 ||| Stepping randomly (stuck).
  3579 | D:2      | 3579 ||| Stepping randomly (stuck).
  3580 | D:2      | 3580 ||| Stepping randomly (stuck).
  3581 | D:2      | 3581 ||| Stepping randomly (stuck).
  3582 | D:2      | 3582 ||| Stepping randomly (stuck).
  3583 | D:2      | 3583 ||| Stepping randomly (stuck).
  3585 | D:2      | 3585 ||| Stepping randomly (stuck).
  3587 | D:2      | 3587 ||| Stepping randomly (stuck).
  3588 | D:2      | 3588 ||| Stepping randomly (stuck).
  3589 | D:2      | 3589 ||| Stepping randomly (stuck).
  3591 | D:2      | 3591 ||| Stepping randomly (stuck).
  3592 | D:2      | 3592 ||| Stepping randomly (stuck).
  3593 | D:2      | 3593 ||| Stepping randomly (stuck).
  3594 | D:2      | 3594 ||| Stepping randomly (stuck).
  3595 | D:2      | 3595 ||| Stepping randomly (stuck).
  3596 | D:2      | 3596 ||| Stepping randomly (stuck).
  3597 | D:2      | 3597 ||| Stepping randomly (stuck).
  3598 | D:2      | 3598 ||| Stepping randomly (stuck).
  3599 | D:2      | 3599 ||| Stepping randomly (stuck).
  3600 | D:2      | 3600 ||| Stepping randomly (stuck).
  3601 | D:2      | 3601 ||| Stepping randomly (stuck).
  3602 | D:2      | 3602 ||| Stepping randomly (stuck).
  3603 | D:2      | 3603 ||| Stepping randomly (stuck).
  3605 | D:2      | 3605 ||| Stepping randomly (stuck).
  3606 | D:2      | 3606 ||| Stepping randomly (stuck).
  3607 | D:2      | 3607 ||| Stepping randomly (stuck).
  3609 | D:2      | 3609 ||| Stepping randomly (stuck).
  3610 | D:2      | 3610 ||| Stepping randomly (stuck).
  3611 | D:2      | 3611 ||| Stepping randomly (stuck).
  3612 | D:2      | 3612 ||| Stepping randomly (stuck).
  3614 | D:2      | 3614 ||| Stepping randomly (stuck).
  3615 | D:2      | 3615 ||| Stepping randomly (stuck).
  3616 | D:2      | 3616 ||| Stepping randomly (stuck).
  3618 | D:2      | 3618 ||| Stepping randomly (stuck).
  3619 | D:2      | 3619 ||| Stepping randomly (stuck).
  3620 | D:2      | 3620 ||| Stepping randomly (stuck).
  3622 | D:2      | 3622 ||| Stepping randomly (stuck).
  3623 | D:2      | 3623 ||| Stepping randomly (stuck).
  3624 | D:2      | 3624 ||| Stepping randomly (stuck).
  3626 | D:2      | 3626 ||| Stepping randomly (stuck).
  3628 | D:2      | 3628 ||| Stepping randomly (stuck).
  3629 | D:2      | 3629 ||| Stepping randomly (stuck).
  3630 | D:2      | 3630 ||| Stepping randomly (stuck).
  3631 | D:2      | 3631 ||| Stepping randomly (stuck).
  3633 | D:2      | 3633 ||| Stepping randomly (stuck).
  3635 | D:2      | 3635 ||| Stepping randomly (stuck).
  3636 | D:2      | 3636 ||| Stepping randomly (stuck).
  3637 | D:2      | 3637 ||| Stepping randomly (stuck).
  3638 | D:2      | 3638 ||| Stepping randomly (stuck).
  3639 | D:2      | 3639 ||| Stepping randomly (stuck).
  3641 | D:2      | 3641 ||| Stepping randomly (stuck).
  3642 | D:2      | 3642 ||| Stepping randomly (stuck).
  3643 | D:2      | 3643 ||| Stepping randomly (stuck).
  3644 | D:2      | 3644 ||| Stepping randomly (stuck).
  3645 | D:2      | 3645 ||| Stepping randomly (stuck).
  3647 | D:2      | 3647 ||| Stepping randomly (stuck).
  3648 | D:2      | 3648 ||| Stepping randomly (stuck).
  3649 | D:2      | 3649 ||| Stepping randomly (stuck).
  3650 | D:2      | 3650 ||| Stepping randomly (stuck).
  3652 | D:2      | 3652 ||| Stepping randomly (stuck).
  3654 | D:2      | 3654 ||| Stepping randomly (stuck).
  3656 | D:2      | 3656 ||| Stepping randomly (stuck).
  3658 | D:2      | 3658 ||| Stepping randomly (stuck).
  3660 | D:2      | 3660 ||| Stepping randomly (stuck).
  3661 | D:2      | 3661 ||| Stepping randomly (stuck).
  3662 | D:2      | 3662 ||| Stepping randomly (stuck).
  3663 | D:2      | 3663 ||| Stepping randomly (stuck).
  3664 | D:2      | 3664 ||| Stepping randomly (stuck).
  3665 | D:2      | 3665 ||| Stepping randomly (stuck).
  3666 | D:2      | 3666 ||| Stepping randomly (stuck).
  3667 | D:2      | 3667 ||| Stepping randomly (stuck).
  3668 | D:2      | 3668 ||| Stepping randomly (stuck).
  3670 | D:2      | 3670 ||| Stepping randomly (stuck).
  3672 | D:2      | 3672 ||| Stepping randomly (stuck).
  3674 | D:2      | 3674 ||| Stepping randomly (stuck).
  3675 | D:2      | 3675 ||| Stepping randomly (stuck).
  3677 | D:2      | 3677 ||| Stepping randomly (stuck).
  3678 | D:2      | 3678 ||| Stepping randomly (stuck).
  3680 | D:2      | 3680 ||| Stepping randomly (stuck).
  3682 | D:2      | 3682 ||| Stepping randomly (stuck).
  3683 | D:2      | 3683 ||| Stepping randomly (stuck).
  3684 | D:2      | 3684 ||| Stepping randomly (stuck).
  3685 | D:2      | 3685 ||| Stepping randomly (stuck).
  3687 | D:2      | 3687 ||| Stepping randomly (stuck).
  3688 | D:2      | 3688 ||| Stepping randomly (stuck).
  3689 | D:2      | 3689 ||| Stepping randomly (stuck).
  3690 | D:2      | 3690 ||| Stepping randomly (stuck).
  3691 | D:2      | 3691 ||| Stepping randomly (stuck).
  3693 | D:2      | 3693 ||| Stepping randomly (stuck).
  3695 | D:2      | 3695 ||| Stepping randomly (stuck).
  3697 | D:2      | 3697 ||| Stepping randomly (stuck).
  3698 | D:2      | 3698 ||| Stepping randomly (stuck).
  3700 | D:2      | 3700 ||| Stepping randomly (stuck).
  3701 | D:2      | 3701 ||| Stepping randomly (stuck).
  3702 | D:2      | 3702 ||| Stepping randomly (stuck).
  3704 | D:2      | Quit the game

Levels and vault maps discovered:
D:1:      erik_arrival_blinker_ship, layout_basic
D:2:      layout_basic, minmay_misc_feat_secret_circle, minivault_27,
          minmay_puff, uniq_crazy_yiuf_cottage
D:3:      layout_rooms, lemuel_crystal_altar, lemuel_tele_altar,
          gup_sewer_entry_pipe

Skill      XL: |  1  2  3  4 |
---------------+-------------+-----
Unarmed Combat | 4 6 |  6.3
Fighting       | |  2.4
Spellcasting   | |  1.0
Fire Magic     | |  2.1

Action                   |  1- 3 |  4- 6 || total
-------------------------+-------+-------++-------
Melee: Unarmed           |   109 |    79 ||   188
       Punch             |       |     3 ||     3
Invok: Fiery Armour      |     1 |       ||     1
  Use: Scroll            |     5 |     5 ||    10
       Potion            |       |     1 ||     1
Armor: Robe              |    33 |    12 ||    45
Dodge: Dodged            |    34 |    39 ||    73

Table legend:
 A = Non-vault XP
 B = Vault XP
 C = Vault XP percentage of total XP
 D = Non-vault monster count
 E = Vault monster count
 F = Vault count percentage of total count
                 A         B        C        D         E       F
            +---------+---------+-------+---------+---------+-------
      Total |     109 |     189 |  63.4 |      55 |      21 |  27.6
            +---------+---------+-------+---------+---------+-------
        D:1 |      38 |       0 |   0.0 |      23 |       0 |   0.0
        D:2 |      34 |       0 |   0.0 |      19 |       0 |   0.0
        D:3 |      37 |       8 |  17.8 |      13 |       4 |  23.5
      Sewer |       0 |     181 | 100.0 |       0 |      17 | 100.0
            +---------+---------+-------+---------+---------+-------
